 Dungeon Crawl Stone Soup version 0.26-a0-1213-gd52f5182fe (webtiles) character file.

Game seed: 2286131815676200729

8890 shakesphere1979 the Fighter (level 11, -12/107 HPs)
             Began as a Hill Orc Monk on Dec 29, 2020.
             Was an Elder of Beogh.
             Mangled by a death yak (16 damage)
             ... on level 11 of the Dungeon on Dec 30, 2020.
             The game lasted 00:49:01 (16529 turns).

shakesphere1979 the Fighter (Hill Orc Monk)        Turns: 16529, Time: 00:49:02

Health: -12/107    AC:  8    Str: 17    XL:     11   Next: 37%
Magic:  17/17      EV: 13    Int: 10    God:    Beogh [****..]
Gold:   648        SH:  0    Dex: 14    Spells: 10/10 levels left

rFire    . . .     SeeInvis .   H - +5 battleaxe
rCold    . . .     Faith    .   (shield currently unavailable)
rNeg     . . .     Spirit   .   p - +3 leather armour {Will+}
rPois    .         Reflect  .   (no helmet)
rElec    .         Harm     .   (no cloak)
rCorr    .         Rampage  .   f - +0 pair of gloves
Will     +....                  (no boots)
Stlth    ++........             (no amulet)
HPRegen  0.27/turn              (no ring)
MPRegen  0.15/turn              (no ring)

@: no status effects
A: no striking features
a: Renounce Religion, Smiting, Recall Orcish Followers


You were on level 11 of the Dungeon.
You worshipped Beogh.
Beogh was greatly pleased with you.
You visited 1 branch of the dungeon, and saw 11 of its levels.

You collected 648 gold pieces.

Inventory:

Hand Weapons
 b - a +1 vorpal shortbow
 E - a +4 great mace of protection
 H - a +5 battleaxe (weapon)
 M - a +5 short sword
Missiles
 g - 325 stones
 i - 44 poisoned darts (quivered)
 n - 119 bolts
 t - 101 arrows
 F - 6 boomerangs of dispersal
Armour
 a - a cursed +0 leather armour
 f - a +0 pair of gloves (worn)
 p - a +3 leather armour of willpower (worn)
 x - a +0 buckler
 y - a cursed +0 robe
Jewellery
 q - an uncursed ring of resist corrosion {unknown}
 I - an uncursed ring of magical power {unknown}
Wands
 D - a wand of iceblast (8)
 G - a wand of digging (3)
 L - a wand of disintegration (14)
 P - a wand of flame (20)
Scrolls
 c - 6 scrolls of remove curse
 d - 2 scrolls of blinking {unknown}
 e - 4 scrolls of teleportation
 j - 3 scrolls of enchant weapon {unknown}
 m - 8 scrolls of identify {unknown}
 o - 2 scrolls of magic mapping {unknown}
 s - a scroll of enchant armour
 v - 3 scrolls of immolation {unknown}
 B - 2 scrolls of amnesia {unknown}
 C - a scroll of noise {unknown}
 K - a scroll of fear {unknown}
Potions
 h - a potion of brilliance {unknown}
 k - 3 potions of curing {unknown}
 l - a potion of invisibility {unknown}
 r - 4 potions of attraction {unknown}
 u - 5 potions of heal wounds {unknown}
 z - a potion of might {unknown}
 A - a potion of magic {unknown}
 J - 2 potions of cancellation {unknown}
 N - a potion of haste {unknown}
 O - a potion of berserk rage {unknown}
 Q - a potion of degeneration {unknown}
 R - 2 potions of ambrosia {unknown}
Miscellaneous
 S - a tin of tremorstones (2/2)


   Skills:
 + Level 13.1 Fighting
 - Level 7.0 Axes
 + Level 8.9 Armour
 - Level 3.0 Dodging
 - Level 3.0 Stealth
 - Level 4.0 Shields
 + Level 8.9 Invocations
 + Level 4.9 Evocations


You had 10 spell levels left.
You didn't know any spells.
Your spell library contained the following spells:

 Spells                   Type           Power        Failure   Level
 Foxfire                  Conj/Fire      0%           41%         1
 Shock                    Conj/Air       0%           41%         1
 Summon Small Mammal      Summ           0%           41%         1
 Call Imp                 Summ           0%           54%         2
 Poisonous Vapours        Pois/Air       0%           54%         2
 Swiftness                Air            0%           54%         2
 Call Canine Familiar     Summ           0%           78%         3
 Conjure Flame            Conj/Fire      0%           78%         3
 Inner Flame              Hex/Fire       0%           78%         3
 Mephitic Cloud           Conj/Pois/Air  0%           78%         3
 Static Discharge         Conj/Air       0%           78%         3
 Summon Guardian Golem    Hex/Summ       0%           78%         3
 Airstrike                Air            0%           99%         4
 Sticky Flame             Conj/Fire      0%           99%         4
 Summon Ice Beast         Ice/Summ       0%           99%         4
 Summon Lightning Spire   Summ/Air       0%           99%         4
 Fireball                 Conj/Fire      0%           100%        5
 Lightning Bolt           Conj/Air       0%           100%        5
 Freezing Cloud           Conj/Ice/Air   0%           100%        6


Dungeon Overview and Level Annotations

Branches:
Dungeon (11/15)            Temple (0/1) D:7             Orc (0/2) D:9
   Lair: D:8-11

Altars:
Elyvilon
Trog
Vehumet

Annotations:
D:5 exclusion: statue


Message History

Beogh accepts your kill.
The adder bites Ugbert but does no damage.
Ugbert hits the adder with a +0 club.
Your orc knight hits something with a +0 dagger!
Beogh accepts your kill.
You can now recall your orcish followers.
You feel a bit more experienced. Something gores your orc knight!
The adder barely misses Ugbert.
Ugbert hits the adder but does no damage.
Your orc knight barely misses something.
Something closely misses Ugbert.
Ugbert misses something.
Beogh accepts your kill.
You feel a bit more experienced. Something closely misses your orc.
t - 101 arrows (gained 2)
Your orc no longer looks unusually strong.
The death yak closely misses your orc. Beogh accepts your kill.
You feel a bit more experienced. The death yak gores you!
You die...

...........#### ..
#########.....# ...
#.###.+ ....
######....§##+####....#
#.ooo.###.§.§§§oSY.....
#o##..#.#.#§§#§o#......
####oo...#.#..§§§§§§Y.....
#..o######.#oY#####oY.....
#..o#.......@.....#.##....
#.#.o.....#######.#.. ##.
####...####+.# ...
#............# ....
#.#....#..##.# #...#
#............# ....
##+#####+###.# #.#


You could see a death yak and a friendly orc.

Vanquished Creatures
  A two-headed ogre (D:8)
  A centaur warrior (D:11)
  A soldier ant (D:10)
  A water moccasin (D:11)
  4 orc warriors
  2 ice beasts
  4 ogres
  4 phantoms
  2 sky beasts
  2 wolves (D:8)
  A necrophage (D:6)
  2 centaurs
  8 bullfrogs
  3 killer bees (D:8)
  14 wights
  A howler monkey (D:5)
  A bullfrog zombie (D:6)
  3 centaur zombies
  2 jellies
  A quasit (D:9)
  3 hounds
  2 orc priests
  A bullfrog skeleton (D:8)
  6 orc wizards
  2 iguanas
  A worker ant (D:4)
  2 hound skeletons
  2 howler monkey zombies
  2 worker ant zombies
  7 gnolls (D:7)
  A howler monkey skeleton (D:5)
  8 adders
  A shadow imp (D:6)
  2 white imps
  3 ufetubi
  2 oozes
  An adder zombie (D:5)
  5 leopard geckos
  29 orcs
  A giant cockroach (D:1)
  8 goblins
  8 hobgoblins
  4 jackals (D:9)
  2 quokkas
  A ball python (D:1)
  8 bats
  4 frilled lizards
  3 jackal skeletons
  6 kobolds
  A leopard gecko skeleton (D:5)
  A rat (D:1)
185 creatures vanquished.

Vanquished Creatures (collateral kills)
  2 two-headed ogres (D:9)
  2 death yaks (D:11)
  An ugly thing (D:10)
  A cyclops (D:9)
  2 trolls (D:10)
  A hornet (D:9)
  2 wyverns (D:10)
  3 yaks (D:11)
  Grum (D:8)
  2 orc warriors (D:9)
  An ogre (D:9)
  A centaur (D:9)
  2 bullfrogs
  A big kobold (D:9)
  A wyvern skeleton (D:9)
  3 killer bees (D:8)
  3 wights (D:9)
  5 electric eels
  A howler monkey (D:9)
  A hound (D:8)
  2 orc priests
  A centaur skeleton (D:9)
  An iguana (D:9)
  2 orc wizards
  A hound skeleton (D:8)
  An adder skeleton (D:9)
  6 orcs
  2 kobolds (D:9)
52 creatures vanquished.

Vanquished Creatures (others)
  2 orc warriors
  2 orc priests
  9 orcs
  28 plants (D:10)
41 creatures vanquished.

Grand Total: 278 creatures vanquished

Notes
Turn   | Place    | Note
-------+----------+-------------------------------------------
     0 | D:1      | shakesphere1979 the Hill Orc Monk began the quest for the
                  | Orb.
     0 | D:1      | Reached XP level 1. HP: 19/19 MP: 1/1
   471 | D:1      | Reached XP level 2. HP: 24/27 MP: 2/2
   580 | D:1      | Reached skill level 4 in Fighting
   842 | D:1      | Reached XP level 3. HP: 29/33 MP: 3/3
  1389 | D:2      | You fall into a shaft and drop 2 floors!
  1615 | D:3      | Found a white marble altar of Elyvilon.
  1889 | D:3      | Found a faded altar of an unknown god.
  1893 | D:3      | Reached XP level 4. HP: 41/41 MP: 4/4
  2659 | D:4      | Reached skill level 5 in Fighting
  2659 | D:4      | Reached XP level 5. HP: 45/48 MP: 5/5
  2789 | D:5      | Entered Level 5 of the Dungeon
  2792 | D:5      | Found a radiant altar of Vehumet.
  2792 | D:5      | Noticed a charred statue
  2965 | D:5      | Noticed a sky beast
  3130 | D:5      | Noticed a centaur
  3139 | D:5      | Killed a centaur
  3140 | D:5      | Reached skill level 6 in Fighting
  3287 | D:5      | Reached XP level 6. HP: 53/58 MP: 6/6
  3403 | D:5      | Noticed an ice beast
  3447 | D:5      | Killed an ice beast
  3448 | D:5      | Reached skill level 7 in Fighting
  3717 | D:5      | Reached skill level 1 in Armour
  3717 | D:5      | Reached skill level 1 in Shields
  3825 | D:5      | Killed a sky beast
  3826 | D:5      | Reached XP level 7. HP: 53/66 MP: 7/7
  4277 | D:6      | Became a worshipper of Beogh the Brigand
  4277 | D:6      | Reached * piety under Beogh
  4277 | D:6      | Reached ** piety under Beogh
  4798 | D:6      | Reached skill level 8 in Fighting
  5829 | D:6      | Reached XP level 8. HP: 72/74 MP: 8/8
  6920 | D:6      | Reached skill level 9 in Fighting
  6920 | D:6      | Reached skill level 5 in Armour
  7105 | D:6      | Reached skill level 10 in Fighting
  7321 | D:7      | Reached skill level 1 in Invocations
  7322 | D:7      | Reached skill level 1 in Evocations
  7340 | D:7      | Reached XP level 9. HP: 6/85 MP: 10/10
  7804 | D:7      | Upgraded the game from 0.26-a0-1205-g4083c211ab to
                  | 0.26-a0-1213-gd52f5182fe
  9270 | D:7      | Found the +7 lajatang of Order {silver, rMut}
  9271 | D:7      | Found a staircase to the Ecumenical Temple.
  9541 | D:7      | Found a radiant altar of Vehumet.
  9933 | D:8      | Reached *** piety under Beogh
  9957 | D:8      | Reached skill level 5 in Invocations
 10167 | D:8      | Reached skill level 11 in Fighting
 10491 | D:8      | Noticed a two-headed ogre
 10502 | D:8      | Killed a two-headed ogre
 10503 | D:8      | Reached XP level 10. HP: 23/97 MP: 11/14
 10810 | D:8      | Noticed Grum
 10819 | D:8      | Reached skill level 12 in Fighting
 10821 | D:8      | Killed Grum
 12476 | D:9      | Noticed a cyclops
 12486 | D:9      | Killed a cyclops
 12486 | D:9      | Gained Ugbert as an ally
 12687 | D:9      | Noticed a two-headed ogre
 12696 | D:9      | Killed a two-headed ogre
 12697 | D:9      | Reached skill level 5 in Axes
 12740 | D:9      | Found a staircase to the Orcish Mines.
 13150 | D:9      | Reached **** piety under Beogh
 13259 | D:9      | Found a bloodstained altar of Trog.
 13504 | D:9      | Noticed a two-headed ogre
 13512 | D:9      | Killed a two-headed ogre
 13867 | D:10     | Entered Level 10 of the Dungeon
 14126 | D:10     | Reached XP level 11. HP: 47/105 MP: 16/16
 14605 | D:10     | Noticed a purple ugly thing
 15242 | D:10     | Killed a purple ugly thing
 16503 | D:11     | Noticed a death yak
 16504 | D:11     | Noticed a death yak
 16509 | D:11     | Noticed a centaur warrior
 16512 | D:11     | Noticed a death yak
 16514 | D:11     | Killed a death yak
 16518 | D:11     | Killed a death yak
 16519 | D:11     | Reached skill level 13 in Fighting
 16520 | D:11     | HP: 1/107 [centaur warrior (13)]
 16521 | D:11     | Killed a centaur warrior
 16529 | D:11     | Mangled by a death yak

Illustrated notes

Levels and vault maps discovered:
D:1:      eino_arrival_water_cross, layout_loops_ring
D:2:      layout_rooms, grunt_temple_overflow_order_and_chaos_1,
          grunt_qazlal_clouds, minivault_25, minmay_misc_feat_enclosed,
          yredelemnul_altar_generic
D:3:      layout_loops_ring, overflow_temple_1_default,
          chequers_ecumenical_altar_simple_redux
D:4:      layout_cave_pools, moated_statue, chequers_serial_rivers_micro_b
D:5:      minmay_evil_eye, layout_loops_ring, vehumet_statue
D:6:      minmay_opposing_rooms, layout_cave_pools
D:7:      layout_basic, minmay_temple_entry_stoned_glass, basic_altar,
          minmay_checkerbox
D:8:      layout_basic, uniq_grum
D:9:      layout_stronghold, lemuel_crystal_altar, erik_orc_2,
          chequers_serial_rivers_small_3
D:10:     layout_basic, serial_bayou, serial_bayou_pond_e, serial_bayou_pond_c,
          serial_bayou_pond_c, serial_bayou_pond_c
D:11:     layout_stronghold, dpeg_lair_monsters, serial_shops, shop,
          chequers_jeans, minmay_shop_mass

Skill      XL: |  1  2  3  4  5  6  7  8  9 10 11 |
---------------+----------------------------------+-----
Fighting       | 4 5 6 7 8 10 11 12 13 | 13.1
Stealth        | 2 3 |  3.0
Dodging        | 3 |  3.0
Armour         | 2 3 5 7 8 |  8.9
Shields        | 2 3 4 |  4.0
Invocations    | 2 6 7 8 |  8.9
Evocations     | 1 4 |  4.9
Axes           | 6 7 |  7.0

Action                   |  1- 3 |  4- 6 |  7- 9 | 10-12 || total
-------------------------+-------+-------+-------+-------++-------
Melee: Hand axe          |    74 |       |       |       ||    74
       War axe           |    13 |       |       |       ||    13
       Morningstar       |    11 |    80 |   250 |       ||   341
       Great mace        |       |       |    54 |       ||    54
       Battleaxe         |       |       |    21 |   138 ||   159
Throw: Dart              |       |     8 |     5 |       ||    13
Invok: Convert to Beogh  |       |       |     1 |       ||     1
       Smiting           |       |       |     3 |       ||     3
  Use: Scroll            |       |     6 |     1 |     1 ||     8
 Stab: Sleeping          |     4 |     1 |     2 |     2 ||     9
       Distracted        |     1 |       |       |     2 ||     3
Armor: Robe              |    19 |     4 |       |       ||    23
       Leather armour    |       |    24 |   142 |    37 ||   203
Dodge: Dodged            |    61 |    61 |   331 |   115 ||   568

Table legend: (Time is in decaauts)
 A = Elapsed time spent in this place.
 B = Non-inter-level travel time spent in this place.
 C = Inter-level travel time spent in this place.
 D = Time resting spent in this place.
 E = Time spent auto-exploring this place.
 F = Levels seen in this place.
 G = Mean time per level.
                   A        B        C        D        E       F      G
               +--------+--------+--------+--------+--------+-----+--------+
         Total |  16814 |  16671 |    143 |   7338 |   5487 |  11 | 1528.5 |
       Dungeon |  16814 |  16671 |    143 |   7338 |   5487 |  11 | 1528.5 |
               +--------+--------+--------+--------+--------+-----+--------+

Top non-repeatable levels by time:
    D:10: 2616 daAuts
     D:5: 2519 daAuts
     D:6: 2487 daAuts
     D:8: 2430 daAuts
     D:9: 1836 daAuts
     D:7: 1749 daAuts
     D:1: 1366 daAuts
     D:4: 1114 daAuts
     D:3: 567 daAuts
    D:11: 96 daAuts
     D:2: 29 daAuts
